 Dungeon Crawl Stone Soup version 0.30-a0-830-gfe289a77b0 (webtiles) character file.

Game seed: 17118776103541453481

39 Esekla the Sneak (level 3, -1/26 HPs)
             Began as an Octopode Delver on Mar 1, 2023.
             Was an Initiate of Gozag.
             Slain by a white imp (2 damage)
             ... on level 5 of the Dungeon.
             The game lasted 00:05:38 (526 turns).

Esekla the Sneak (Octopode Delver)                   Turns: 526, Time: 00:05:38

Health: -1/26      AC:  1    Str: 11    XL:     3   Next: 47%
Magic:  4/4        EV: 13    Int: 14    God:    Gozag
Gold:   14         SH:  0    Dex: 13    Spells: 3/3 levels left

rFire   . . .      SeeInvis .    a - +0 falchion
rCold   . . .      Faith    .    (no shield)
rNeg    . . .      Spirit   .    (helmet restricted)
rPois   .          Reflect  .    (no amulet)
rElec   .          Harm     .    (no ring)
rCorr   .          Rampage  .    (no ring)
Will    .....                    (no ring)
Stlth   ++++                     (no ring)
HPRegen 0.24/turn                (no ring)
MPRegen 0.09/turn                (no ring)
                                 (no ring)
                                 (no ring)

@: no status effects
A: almost no armour, amphibious, 8 rings, camouflage 1, gelatinous body 1,
(nimble swimmer 1), tentacles
a: Renounce Religion, Potion Petition, Call Merchant, Bribe Branch


You were on level 5 of the Dungeon.
You worshipped Gozag.
Gozag was noncommittal.
You visited 2 branches of the dungeon, and saw 2 of its levels.

You collected 43 gold pieces.
You paid 29 gold pieces to Gozag.

Inventory:

Hand Weapons
 a - a +0 falchion (weapon)
 i - a +0 dagger
 j - a +0 trident
Wands
 f - a wand of digging (3)
 h - a wand of roots (2)
Scrolls
 b - a scroll of fog
 c - 2 scrolls of teleportation {unknown}
 d - 2 scrolls of fear
 g - a scroll of noise {unknown}
Potions
 e - a potion of haste


   Skills:
 * Level 3.2 Fighting
 * Level 2.2 Long Blades
 * Level 2.2 Dodging
 + Level 7.2 Stealth
 * Level 0.7 Spellcasting


You had 3 spell levels left.
You didn't know any spells.
Your spell library was empty.

Dungeon Overview and Level Annotations

Branches:
Dungeon (5/15)             Temple (1/1) D:5

Altars:
Ashenzari
Cheibriados
Gozag
Kikubaaqudgha
Nemelex Xobeh
Qazlal
Trog
Vehumet
Wu Jian
Yredelemnul
Zin


Innate Abilities, Weirdness & Mutations

You cannot wear most types of armour.
You are amphibious.
You can wear up to eight rings at the same time.
Your skin changes colour to match your surroundings (Stealth+).
Your rubbery body absorbs attacks. (AC +1, EV +1)
((You are camouflaged when in or above water. (Stealth+)))
You have tentacles for arms and can constrict up to eight enemies at once.


Message History

You hit the orc.
You kill the orc!
The orc is distracted by your dazzling golden aura.
You closely miss the orc.
The orc is no longer distracted by gold.
The orc shouts!
You grab the orc. You squeeze the orc.
The orc is heavily wounded.
You constrict the orc.
You hear a shout!
The orc hits you but does no damage.
You hit the orc but do no damage.
The orc is severely wounded.
You constrict the orc. The orc hits you with a +0 trident.
You hit the orc but do no damage. You squeeze the orc.
You kill the orc!
Items here: $ )) [.
i - a +0 dagger;
j - a +0 trident You now have 14 gold pieces (gained 11).
A white imp comes into view.
The white imp shouts, "Flee, thou simpering motley-minded cross-patch!"
You hear an angry hiss.
You see here a +0 leather armour.
There is an open door here.
The white imp gestures at you. The puff of frost hits you.
You hit the white imp. You grab the white imp.
The white imp is moderately wounded.
You constrict the white imp. The white imp hits you. The white imp freezes you.
* * * LOW HITPOINT WARNING * * *
You hit the white imp.
The white imp is severely wounded.
You constrict the white imp, but do no damage.
The white imp hits you.
* * * LOW HITPOINT WARNING * * *
The white imp freezes you.
* * * LOW HITPOINT WARNING * * *
The white imp hits you.
You die...
Your body crumbles into a pile of gold.

*,,,,.# #.#..#.#.#.######***
#####,,,,.* #.#..#.....##
....#,,,.,* #......###.o##
###.#*#.#** ###...##.##..##
###.###.#### ##..##...##..##
...........# ##..##.._..##..##
.........#.# #..##.......##..#
.#...###.#.###.##.........##.#
.......<.......#@5.#####...#.#
.s....#..#.##..##.'#.#.#'^##.####
.#.s..#..#.##...###[.#..###..o...
.##.##.....##.#..5..###.....#.###
.....#...####.###.............o..
........#####S# #.#......####.##.
..⌠..#........# ##...##### #.#**
.....#...###### ##.##### #.#**
>........# ########.....# #..,,


You could see a white imp.

Vanquished Creatures
  A howler monkey (Temple)
  2 orcs (D:5)
3 creatures vanquished.

Notes
Turn   | Place    | Note
-------+----------+-------------------------------------------
     0 | D:5      | Esekla the Octopode Delver began the quest for the Orb.
     0 | D:5      | Reached XP level 1. HP: 16/16 MP: 1/1
    31 | D:5      | Found a staircase to the Ecumenical Temple.
    33 | D:5      | Noticed a howler monkey
    43 | Temple   | Entered the Ecumenical Temple
   129 | Temple   | Killed a howler monkey
   130 | Temple   | Reached skill level 7 in Stealth
   130 | Temple   | Reached XP level 2. HP: 21/21 MP: 1/3
   130 | Temple   | Reached XP level 3. HP: 26/26 MP: 1/4
   216 | D:5      | Noticed a scorpion
   281 | D:5      | Found a sparkling altar of Nemelex Xobeh.
   320 | D:5      | Noticed a scorpion
   378 | D:5      | Noticed an ice beast
   437 | Temple   | Became a worshipper of Gozag Ym Sagoz the Greedy
   458 | D:5      | Noticed a scorpion
   526 | D:5      | HP: 1/26 [white imp (2)]
   526 | D:5      | Slain by a white imp

Illustrated notes

Levels and vault maps discovered:
D:5:      layout_loops_cross, nemelex_spade_bored_becter,
          minmay_temple_entry_large_hall, cheibrodos_sewer_entry_bend
Temple:   nicolae_temple_bog_church

Skill      XL: |  1 |
---------------+----+-----
Stealth        | 7 |  7.2
Fighting       | |  3.2
Long Blades    | |  2.2
Dodging        | |  2.2
Spellcasting   | |  0.7

Action                     || total
---------------------------++-------
  Melee: Falchion          ||    18
         Tentacles         ||     7
         Constrict         ||     4
    Use: Scroll            ||     2
 Armour: Skin              ||     2
  Dodge: Dodged            ||    17

Table legend: (Time is in decaauts)
 A = Elapsed time spent in this place.
 B = Non-inter-level travel time spent in this place.
 C = Inter-level travel time spent in this place.
 D = Time resting spent in this place.
 E = Time spent auto-exploring this place.
 F = Levels seen in this place.
 G = Mean time per level.
                   A        B        C        D        E       F      G
               +--------+--------+--------+--------+--------+-----+--------+
         Total |    531 |    460 |     71 |     31 |     40 |   2 |  265.5 |
       Dungeon |    371 |    367 |      4 |      0 |      0 |   1 |  371.0 |
        Temple |    159 |     92 |     67 |     31 |     40 |   1 |  159.0 |
               +--------+--------+--------+--------+--------+-----+--------+

Top non-repeatable levels by time:
     D:5: 371 daAuts
  Temple: 159 daAuts
